Condors vs Barracuda
(R1)
Created - November 11, 2023 at 19:48
Goals
|
| Condors |
0 |
2 |
2 |
4 |
| Barracuda |
2 |
1 |
3 |
6 |
|
Shots
|
| Condors |
8 |
15 |
9 |
32 |
| Barracuda |
11 |
14 |
11 |
36 |
|
1st period
1. Barracuda , Cole Ully 8 (Theodor Blueger 13) at 5:42
2. Barracuda , Mario Lucia 4 (Emil Pettersson 16, Eric Gustafsson 7) at 6:42 (PP)
Penalties :
Emil Pettersson (S.J) for Roughing (Minor) at 0:20, Jason Robertson (Bak) for Roughing (Minor) at 6:26, Kurtis Macdermid (S.J) for Holding Stick (Minor) at 7:04, Jason Robertson (Bak) for Elbowing (Minor) at 14:15, Logan Stanley (S.J) for Roughing (Minor) at 14:58
2nd period
3. Barracuda , Cole Ully 9 (Eric Gustafsson 8, Theodor Blueger 14) at 7:26
4. Condors , Connor Hurley 2 (Taro Hirose 6, Pontus Holmberg 2) at 12:18
5. Condors , Kailer Yamamoto 5 (Taro Hirose 7, Alexandre Carrier 8) at 18:18
Penalties :
Adam Erne (Bak) for Holding (Minor) at 2:46, Zac Leslie (Bak) for Tripping (Minor) at 7:32, Theodor Blueger (S.J) for Holding (Minor) at 12:55
3rd period
6. Barracuda , Noah Gregor 3 (Alex Henriksson 1, Robin Norell 4) at 3:12
7. Barracuda , Theodor Blueger 5 (Cole Ully 5, Eric Gustafsson 9) at 3:57
8. Condors , Nick Shore 4 (Adam Erne 7, Philippe Myers 5) at 4:20
9. Condors , Zac Leslie 2 (Phil McRae 4, Kailer Yamamoto 4) at 8:13 (PP)
10. Barracuda , Jaedon Descheneau 1 (Alex Henriksson 2, Noah Gregor 7) at 15:43
Penalties :
Zac Leslie (Bak) for Holding (Minor) at 0:48, Thomas Gobeil (S.J) for Hooking (Minor) at 7:41
Goalie Stats
Garret Sparks (Bak), 30 saves from 36 shots - (0.833), L, 5-4-0, 60:00 minutes
Joni Ortio (S.J), 28 saves from 32 shots - (0.875), W, 6-1-1, 60:00 minutes
Players Stats for Condors
Player Name G A P +/- PIM S H SB GA TA FO MP PP MP PK MP
------------------------------------------------------------------------------------
Adam Erne 0 1 1 0 2 0 1 0 0 1 2/2 16:27 2:17 0:37
Alexander Alexeyev 0 0 0 1 0 0 1 0 0 0 0/0 3:29 0:00 0:00
Alexandre Carrier 0 1 1 -1 0 5 0 5 1 0 0/0 20:37 2:28 3:39
C.J. Smith 0 0 0 -1 0 0 2 0 0 1 0/1 10:53 0:00 1:54
Connor Hurley 1 0 1 1 0 1 1 0 0 0 5/8 10:44 0:43 0:00
Emil Djuse 0 0 0 -1 0 0 0 0 0 1 0/0 12:12 0:00 2:40
Gustav Olofsson 0 0 0 0 0 1 1 1 0 1 0/0 22:35 4:44 2:46
Jason Robertson 0 0 0 -2 4 4 3 0 1 0 0/0 20:44 4:55 1:11
Jordan Subban 0 0 0 1 0 0 1 0 0 2 0/0 13:53 0:00 1:17
Kailer Yamamoto 1 1 2 0 0 4 2 1 0 0 1/1 14:55 3:00 0:00
Kiefer Sherwood 0 0 0 -1 0 0 0 1 0 0 1/1 8:54 0:00 0:00
Nick Shore 1 0 1 0 0 4 2 0 1 0 24/41 23:51 4:12 4:20
Patrik Laine 0 0 0 0 0 6 0 1 0 0 2/3 20:02 4:12 1:18
Phil McRae 0 1 1 -2 0 3 2 0 0 0 2/9 19:06 2:17 2:54
Philippe Myers 0 1 1 -2 0 0 1 2 1 0 0/0 22:20 2:28 2:00
Pontus Holmberg 0 1 1 -1 0 1 1 1 1 0 0/0 8:20 0:00 0:00
Ryan McLeod 0 0 0 -1 0 0 0 0 0 0 1/1 8:37 0:00 0:56
Taro Hirose 0 2 2 1 0 1 0 0 1 0 0/0 8:52 0:00 0:42
Zac Leslie 1 0 1 -2 4 2 2 2 1 1 0/0 25:12 4:44 1:30
Players Stats for Barracuda
Player Name G A P +/- PIM S H SB GA TA FO MP PP MP PK MP
------------------------------------------------------------------------------------
Aleksi Heponiemi 0 0 0 -1 0 0 0 0 0 0 0/0 3:50 0:27 0:56
Alex Henriksson 0 2 2 2 0 3 1 0 1 0 0/0 10:24 0:00 0:30
Alex Lintuniemi 0 0 0 0 0 1 0 0 0 0 0/0 4:21 0:00 0:00
Alexei Toropchenko 0 0 0 0 0 0 0 0 0 0 0/0 0:00 0:00 0:00
Ben Jones 0 0 0 0 0 0 0 0 0 0 1/2 2:31 0:00 2:27
Bode Wilde 0 0 0 0 0 0 0 0 0 0 0/0 0:31 0:00 0:00
Cole Ully 2 1 3 3 0 5 1 1 1 1 0/3 20:14 3:22 2:16
Dennis Cholowski 0 0 0 0 0 0 0 0 0 0 0/0 4:21 0:00 0:00
Emil Pettersson 0 1 1 -2 2 5 3 0 0 1 16/30 22:00 3:07 2:57
Eric Gustafsson 0 3 3 1 0 1 1 3 1 1 0/0 27:10 3:21 4:42
Jacob Peterson 0 0 0 0 0 0 1 0 0 0 0/0 1:29 0:27 0:18
Jaedon Descheneau 1 0 1 2 0 2 0 0 0 1 0/0 10:25 0:27 0:00
Jordan Gross 0 0 0 -1 0 0 0 0 0 0 0/0 8:00 0:00 0:00
Kurtis Macdermid 0 0 0 -2 2 4 4 2 0 1 2/11 26:38 3:07 3:12
Kyle Platzer 0 0 0 -1 0 0 0 1 0 0 1/1 5:08 0:00 0:00
Logan Stanley 0 0 0 2 2 1 1 0 0 1 0/0 19:36 3:34 2:09
Mac Hollowell 0 0 0 -1 0 0 0 0 0 0 0/0 9:11 0:00 0:21
Mario Lucia 1 0 1 -2 0 2 3 0 0 0 1/3 18:09 3:07 0:00
Nikolai Kovalenko 0 0 0 -1 0 0 1 0 0 0 0/0 5:08 0:00 0:00
Noah Gregor 1 1 2 2 0 1 1 0 1 0 3/8 9:48 0:00 0:00
Robin Norell 0 1 1 2 0 2 1 2 1 0 0/0 20:29 3:35 2:30
Samuel Groulx 0 0 0 1 0 4 0 4 1 1 0/0 27:10 3:21 4:42
Scott Reedy 0 0 0 0 0 0 0 0 0 0 0/0 0:00 0:00 0:00
Theodor Blueger 1 2 3 3 2 4 2 3 0 0 5/8 19:46 3:22 1:48
Thomas Gobeil 0 0 0 3 2 1 1 0 1 0 0/1 15:08 3:22 0:00
3 Stars
1 - Cole Ully (S.J)
2 - Theodor Blueger (S.J)
3 - Noah Gregor (S.J)
Power Play
Condors - 1 on 5 Attempt(s) - 20.00%
Barracuda - 1 on 5 Attempt(s) - 20.00%
Penalty Kill
Condors - 4 on 5 Attempt(s) - 80.00%
- Score 0 goal in Penalty Kill
Barracuda - 4 on 5 Attempt(s) - 80.00%
- Score 0 goal in Penalty Kill
Team Stat
Condors - Hits : 20 - Faceoff Wins : 38 - Blocked Shots : 14 - Penalty Minutes : 10
Barracuda - Hits : 21 - Faceoff Wins : 29 - Blocked Shots : 16 - Penalty Minutes : 10
Official
Referees : Brian Pochmara and Tim Peel
Linesman : Bevan Mills and Greg Devorski
Game Notes
Kiefer Sherwood is injured at 3:18 of 3rd period (Strained Left Knee)
Finance
Level 1 -- Attendance: 1846 (92.30%) -- Ticket Income $129,220
Level 2 -- Attendance: 865 (86.50%) -- Ticket Income $34,600
Total Attendance: 2711 (90.37%)
Total Ticket Income: $163,820
Other Income: $8,191
Total Income: $172,011
Condors
5 vs 5 Forward
Center Left Wing Right Wing Time % Phy DF OF
1 Nick Shore Adam Erne Patrik Laine 40 1 2 2
2 Phil McRae Jason Robertson Kiefer Sherwood 30 1 2 2
3 Connor Hurley Taro Hirose Kailer Yamamoto 20 1 2 2
4 Ryan McLeod C.J. Smith Pontus Holmberg 10 1 2 2
5 vs 5 Defense
Defense Defense Time % Phy DF OF
1 Philippe Myers Zac Leslie 40 1 2 2
2 Alexandre Carrier Gustav Olofsson 30 1 2 2
3 Jordan Subban Emil Djuse 20 1 2 2
4 Jordan Subban Alexander Alexeyev 10 1 2 2
PowerPlay Forward
Center Left Wing Right Wing Time % Phy DF OF
1 Nick Shore Jason Robertson Patrik Laine 60 1 2 2
2 Phil McRae Adam Erne Kailer Yamamoto 40 1 2 2
PowerPlay Defense
Defense Defense Time % Phy DF OF
1 Gustav Olofsson Zac Leslie 60 1 2 2
2 Alexandre Carrier Philippe Myers 40 1 2 2
Penalty Kill 4 Players Forward
Center Wing Time % Phy DF OF
1 Nick Shore Phil McRae 60 1 2 2
2 Jason Robertson Patrik Laine 40 1 2 2
Penalty Kill 4 Players Defense
Defense Defense Time % Phy DF OF
1 Alexandre Carrier Zac Leslie 60 1 2 2
2 Gustav Olofsson Philippe Myers 40 1 2 2
Penalty Kill - 3 Players Forward
Forward Time % Phy DF OF
1 Nick Shore 60 1 2 2
2 Phil McRae 40 1 2 2
Penalty Kill - 3 Players Defense
Defense Defense Time % Phy DF OF
1 Philippe Myers Zac Leslie 60 1 2 2
2 Alexandre Carrier Gustav Olofsson 40 1 2 2
4 vs 4 Forward
Center Wing Time % Phy DF OF
1 Nick Shore Phil McRae 60 1 2 2
2 Jason Robertson Patrik Laine 40 1 2 2
4 vs 4 Defense
Defense Defense Time % Phy DF OF
1 Gustav Olofsson Zac Leslie 60 1 2 2
2 Alexandre Carrier Philippe Myers 40 1 2 2
Last Minutes Offensive
Center Left Wing Right Wing Defense Defense
Nick Shore Jason Robertson Patrik Laine Philippe Myers Zac Leslie
Last Minutes Defensive
Center Left Wing Right Wing Defense Defense
Nick Shore Jason Robertson Patrik Laine Philippe Myers Zac Leslie
Goaltenders
Starting : Garret Sparks
Backup : Stuart Skinner
Extra Forwards
Normal : Kailer Yamamoto, Connor Hurley, C.J. Smith - PP : Kailer Yamamoto, Connor Hurley - PK : C.J. Smith
Extra Defensemen
Normal : Gustav Olofsson, Emil Djuse, Jordan Subban - PP : Gustav Olofsson - PK : Emil Djuse, Jordan Subban
Penalty Shots
Nick Shore, Phil McRae, Jason Robertson, Patrik Laine, Kiefer Sherwood
Custom OT Lines Forwards
Nick Shore, Phil McRae, Jason Robertson, Patrik Laine, Kiefer Sherwood, Kailer Yamamoto, Taro Hirose, Connor Hurley, C.J. Smith, Pontus Holmberg
Custom OT Lines Defensemen
Gustav Olofsson, Zac Leslie, Alexandre Carrier, Philippe Myers, Jordan Subban
Scratches
Brett Lernout (Fractured Metatarsal (Left Foot) Injury), Cole Cassels (Healthy), Colin White (Healthy), Semyon Der-Arguchintsev (Healthy), Jeremy Gregoire (Healthy)
Robin Salo (Healthy), Filip Kral (Healthy), Remi Elie (Healthy), Filip Johansson (Healthy), Nikolai Knyzhov (Healthy)
Lucas Johansen (Healthy), Cole Fonstad (Healthy), Jack Perbix (Healthy), Jaxson Stauber (Healthy)
Barracuda
5 vs 5 Forward
Center Left Wing Right Wing Time % Phy DF OF
1 Emil Pettersson Kurtis Macdermid Mario Lucia 40 1 2 2
2 Theodor Blueger Cole Ully Thomas Gobeil 30 1 2 2
3 Noah Gregor Alex Henriksson Jaedon Descheneau 20 1 2 2
4 Kyle Platzer Kurtis Macdermid Nikolai Kovalenko 10 1 2 2
5 vs 5 Defense
Defense Defense Time % Phy DF OF
1 Eric Gustafsson Samuel Groulx 40 1 2 2
2 Logan Stanley Robin Norell 30 1 2 2
3 Mac Hollowell Jordan Gross 20 1 2 2
4 Alex Lintuniemi Dennis Cholowski 10 1 2 2
PowerPlay Forward
Center Left Wing Right Wing Time % Phy DF OF
1 Emil Pettersson Kurtis Macdermid Mario Lucia 60 1 2 2
2 Theodor Blueger Cole Ully Thomas Gobeil 40 1 2 2
PowerPlay Defense
Defense Defense Time % Phy DF OF
1 Eric Gustafsson Samuel Groulx 60 1 2 2
2 Logan Stanley Robin Norell 40 1 2 2
Penalty Kill 4 Players Forward
Center Wing Time % Phy DF OF
1 Kurtis Macdermid Emil Pettersson 60 1 2 2
2 Cole Ully Theodor Blueger 40 1 2 2
Penalty Kill 4 Players Defense
Defense Defense Time % Phy DF OF
1 Eric Gustafsson Samuel Groulx 60 1 2 2
2 Logan Stanley Robin Norell 40 1 2 2
Penalty Kill - 3 Players Forward
Forward Time % Phy DF OF
1 Kurtis Macdermid 60 1 2 2
2 Emil Pettersson 40 1 2 2
Penalty Kill - 3 Players Defense
Defense Defense Time % Phy DF OF
1 Eric Gustafsson Samuel Groulx 60 1 2 2
2 Logan Stanley Robin Norell 40 1 2 2
4 vs 4 Forward
Center Wing Time % Phy DF OF
1 Kurtis Macdermid Emil Pettersson 60 1 2 2
2 Cole Ully Theodor Blueger 40 1 2 2
4 vs 4 Defense
Defense Defense Time % Phy DF OF
1 Eric Gustafsson Samuel Groulx 60 1 2 2
2 Logan Stanley Robin Norell 40 1 2 2
Last Minutes Offensive
Center Left Wing Right Wing Defense Defense
Emil Pettersson Kurtis Macdermid Mario Lucia Eric Gustafsson Samuel Groulx
Last Minutes Defensive
Center Left Wing Right Wing Defense Defense
Emil Pettersson Kurtis Macdermid Mario Lucia Eric Gustafsson Samuel Groulx
Goaltenders
Starting : Joni Ortio
Backup : Joacim Eriksson
Extra Forwards
Normal : Aleksi Heponiemi, Jacob Peterson, Ben Jones - PP : Aleksi Heponiemi, Jacob Peterson - PK : Ben Jones
Extra Defensemen
Normal : Bode Wilde, Mac Hollowell, Jordan Gross - PP : Bode Wilde - PK : Mac Hollowell, Jordan Gross
Penalty Shots
Kurtis Macdermid, Emil Pettersson, Cole Ully, Theodor Blueger, Alex Henriksson
Custom OT Lines Forwards
Kurtis Macdermid, Emil Pettersson, Cole Ully, Theodor Blueger, Alex Henriksson, Mario Lucia, Noah Gregor, Kyle Platzer, Aleksi Heponiemi, Jacob Peterson
Custom OT Lines Defensemen
Eric Gustafsson, Samuel Groulx, Logan Stanley, Robin Norell, Mac Hollowell
Scratches
Ryan Merkley (Healthy), William Carrier (Left Ankle Injury), Kevin Mandolese (Healthy)
% Time on Ice - Condors
Lines # - Real PCT - Wanted PCT - Time Play
Normal Forward
1 - 36% - 40% - 15:51
2 - 29% - 30% - 13:08
3 - 18% - 20% - 7:56
4 - 17% - 10% - 7:41
Normal Defense
1 - 41% - 40% - 18:24
2 - 32% - 30% - 14:08
3 - 19% - 20% - 8:35
4 - 8% - 10% - 3:29
PP Forward
1 - 68% - 60% - 4:55
2 - 32% - 40% - 2:17
PP Defense
1 - 66% - 60% - 4:44
2 - 34% - 40% - 2:28
PK Forward
1 - 81% - 60% - 5:38
2 - 19% - 40% - 1:18
PK Defense
1 - 60% - 60% - 4:10
2 - 40% - 40% - 2:46
PK3 Forward
1 - 0% - 60%
2 - 0% - 40%
PK3 Defense
1 - 0% - 60%
2 - 0% - 40%
44 Forward
1 - 74% - 60% - 0:56
2 - 26% - 40% - 0:20
44 Defense
1 - 96% - 60% - 1:13
2 - 4% - 40% - 0:03
Last Minute Offensive - 0:00
Last Minute Defensive - 0:00
Total
Forward - 60:00
Defense - 60:00
|
% Time on Ice - Barracuda
Lines # - Real PCT - Wanted PCT - Time Play
Normal Forward
1 - 34% - 40% - 15:23
2 - 32% - 30% - 14:17
3 - 22% - 20% - 9:48
4 - 12% - 10% - 5:08
Normal Defense
1 - 41% - 40% - 18:22
2 - 31% - 30% - 13:53
3 - 18% - 20% - 8:00
4 - 10% - 10% - 4:21
PP Forward
1 - 51% - 60% - 3:34
2 - 49% - 40% - 3:22
PP Defense
1 - 48% - 60% - 3:21
2 - 52% - 40% - 3:35
PK Forward
1 - 69% - 60% - 4:56
2 - 31% - 40% - 2:16
PK Defense
1 - 65% - 60% - 4:42
2 - 35% - 40% - 2:30
PK3 Forward
1 - 0% - 60%
2 - 0% - 40%
PK3 Defense
1 - 0% - 60%
2 - 0% - 40%
44 Forward
1 - 75% - 60% - 0:57
2 - 25% - 40% - 0:19
44 Defense
1 - 59% - 60% - 0:45
2 - 41% - 40% - 0:31
Last Minute Offensive - 0:00
Last Minute Defensive - 0:00
Total
Forward - 60:00
Defense - 60:00
|
Play-by-Play
1st period
0:01 of 1st period - Nick Shore wins face-off versus Mario Lucia in neutral zone.
0:07 of 1st period - Off-side.
0:08 of 1st period - Nick Shore wins face-off versus Mario Lucia in neutral zone.
0:11 of 1st period - Wrist shot by Patrik Laine.
0:11 of 1st period - Stopped by Joni Ortio with a rebound.
0:13 of 1st period - Snap shot by Philippe Myers.
0:13 of 1st period - Shot Misses the Net.
0:15 of 1st period - Slapshot by Philippe Myers.
0:15 of 1st period - Shot Blocked by Kurtis Macdermid.
0:20 of 1st period - Minor Penalty to Emil Pettersson for Roughing.
0:21 of 1st period - Nick Shore wins face-off versus Kurtis Macdermid in Barracuda zone.
0:37 of 1st period - Samuel Groulx is hit by Jason Robertson.
0:44 of 1st period - Icing by Zac Leslie.
0:45 of 1st period - Nick Shore wins face-off versus Kurtis Macdermid in Condors zone.
1:14 of 1st period - Backhand shot by Patrik Laine.
1:14 of 1st period - Shot Blocked by Kurtis Macdermid.
1:16 of 1st period - Wrist shot by Zac Leslie.
1:16 of 1st period - Stopped by Joni Ortio without a rebound.
1:17 of 1st period - Phil McRae wins face-off versus Cole Ully in Barracuda zone.
1:32 of 1st period - Snap shot by Phil McRae.
1:32 of 1st period - Stopped by Joni Ortio with a rebound.
1:45 of 1st period - Icing by Philippe Myers.
1:46 of 1st period - Kurtis Macdermid wins face-off versus Phil McRae in Condors zone.
2:20 of 1st period - Penalty to Emil Pettersson is over, Emil Pettersson is back on ice.
2:52 of 1st period - Icing by Kailer Yamamoto.
2:53 of 1st period - Connor Hurley wins face-off versus Theodor Blueger in Condors zone.
2:53 of 1st period - Connor Hurley is hit by Cole Ully.
4:02 of 1st period - Samuel Groulx is hit by Alexander Alexeyev and loses puck.
4:59 of 1st period - Snap shot by Patrik Laine.
4:59 of 1st period - Shot Misses the Net.
5:22 of 1st period - Icing by Philippe Myers.
5:23 of 1st period - Ryan McLeod wins face-off versus Theodor Blueger in Condors zone.
5:38 of 1st period - Wrist shot by Theodor Blueger.
5:38 of 1st period - Shot Misses the Net.
5:40 of 1st period - Snap shot by Theodor Blueger.
5:40 of 1st period - Deflect By Cole Ully.
5:40 of 1st period - Stopped by Garret Sparks with a rebound.
5:42 of 1st period - Wrist shot by Cole Ully.
5:42 of 1st period - Goal by Cole Ully - Condors : 0 - Barracuda : 1.
5:43 of 1st period - Emil Pettersson wins face-off versus Nick Shore in neutral zone.
5:50 of 1st period - Slapshot by Emil Pettersson.
5:50 of 1st period - Stopped by Garret Sparks without a rebound.
5:51 of 1st period - Adam Erne wins face-off versus Kurtis Macdermid in Condors zone.
5:58 of 1st period - Snap shot by Patrik Laine.
5:58 of 1st period - Shot Blocked by Eric Gustafsson.
6:04 of 1st period - Slapshot by Emil Pettersson.
6:04 of 1st period - Stopped by Garret Sparks without a rebound.
6:05 of 1st period - Emil Pettersson wins face-off versus Phil McRae in Condors zone.
6:10 of 1st period - Wrist shot by Emil Pettersson.
6:10 of 1st period - Stopped by Garret Sparks with a rebound.
6:12 of 1st period - Wrist shot by Kurtis Macdermid.
6:12 of 1st period - Shot Misses the Net.
6:20 of 1st period - Snap shot by Kurtis Macdermid.
6:20 of 1st period - Shot Misses the Net.
6:26 of 1st period - Minor Penalty to Jason Robertson for Roughing.
6:27 of 1st period - Nick Shore wins face-off versus Emil Pettersson in Condors zone.
6:42 of 1st period - Snap shot by Mario Lucia.
6:42 of 1st period - Goal by Mario Lucia - Condors : 0 - Barracuda : 2.
6:43 of 1st period - Patrik Laine wins face-off versus Emil Pettersson in neutral zone.
6:52 of 1st period - Snap shot by Nick Shore.
6:52 of 1st period - Shot Misses the Net.
6:54 of 1st period - Snap shot by Zac Leslie.
6:54 of 1st period - Shot Misses the Net.
6:56 of 1st period - Slapshot by Nick Shore.
6:56 of 1st period - Shot Misses the Net.
6:58 of 1st period - Wrist shot by Philippe Myers.
6:58 of 1st period - Deflect By Patrik Laine.
6:58 of 1st period - Stopped by Joni Ortio with a rebound.
7:04 of 1st period - Minor Penalty to Kurtis Macdermid for Holding Stick.
7:05 of 1st period - Ben Jones wins face-off versus Patrik Laine in Barracuda zone.
7:09 of 1st period - Off-side.
7:10 of 1st period - Nick Shore wins face-off versus Ben Jones in neutral zone.
8:03 of 1st period - Logan Stanley is hit by Nick Shore and loses puck.
9:04 of 1st period - Penalty to Kurtis Macdermid is over, Kurtis Macdermid is back on ice.
9:05 of 1st period - Nick Shore is hit by Kurtis Macdermid and loses puck.
9:18 of 1st period - Snap shot by Cole Ully.
9:18 of 1st period - Stopped by Garret Sparks with a rebound.
10:03 of 1st period - Icing by Robin Norell.
10:04 of 1st period - Connor Hurley wins face-off versus Cole Ully in Barracuda zone.
10:05 of 1st period - Snap shot by Kailer Yamamoto.
10:05 of 1st period - Stopped by Joni Ortio with a rebound.
10:07 of 1st period - Wrist shot by Connor Hurley.
10:07 of 1st period - Shot Misses the Net.
10:33 of 1st period - Wrist shot by Theodor Blueger.
10:33 of 1st period - Stopped by Garret Sparks with a rebound.
10:35 of 1st period - Wrist shot by Kurtis Macdermid.
10:35 of 1st period - Shot Blocked by Gustav Olofsson.
10:37 of 1st period - Slapshot by Logan Stanley.
10:37 of 1st period - Shot Blocked by Alexandre Carrier.
10:43 of 1st period - Snap shot by Cole Ully.
10:43 of 1st period - Deflect By Alexandre Carrier.
10:43 of 1st period - Shot Blocked by Alexandre Carrier.
10:43 of 1st period - Puck is out of play.
10:44 of 1st period - Noah Gregor wins face-off versus Connor Hurley in Condors zone.
10:47 of 1st period - Slapshot by Alex Henriksson.
10:47 of 1st period - Shot Hit the Post.
10:49 of 1st period - Slapshot by Alex Lintuniemi.
10:49 of 1st period - Stopped by Garret Sparks without a rebound.
10:50 of 1st period - Connor Hurley wins face-off versus Noah Gregor in Condors zone.
11:18 of 1st period - Philippe Myers is hit by Mario Lucia and loses puck.
11:39 of 1st period - Slapshot by Kiefer Sherwood.
11:39 of 1st period - Shot Misses the Net.
14:15 of 1st period - Minor Penalty to Jason Robertson for Elbowing.
14:16 of 1st period - Nick Shore wins face-off versus Emil Pettersson in Condors zone.
14:27 of 1st period - Snap shot by Nick Shore.
14:27 of 1st period - Stopped by Joni Ortio with a rebound.
14:58 of 1st period - Minor Penalty to Logan Stanley for Roughing.
14:59 of 1st period - Nick Shore wins face-off versus Kurtis Macdermid in Barracuda zone.
16:15 of 1st period - Penalty to Jason Robertson is over, Jason Robertson is back on ice.
16:18 of 1st period - Alexandre Carrier is hit by Jacob Peterson.
16:22 of 1st period - Eric Gustafsson is hit by Connor Hurley and loses puck.
16:43 of 1st period - Theodor Blueger is hit by Kailer Yamamoto and loses puck.
16:58 of 1st period - Penalty to Logan Stanley is over, Logan Stanley is back on ice.
17:10 of 1st period - Logan Stanley is hit by Philippe Myers and loses puck.
17:21 of 1st period - Slapshot by Kailer Yamamoto.
17:21 of 1st period - Shot Blocked by Theodor Blueger.
17:45 of 1st period - Slapshot by Cole Ully.
17:45 of 1st period - Shot Blocked by Kailer Yamamoto.
17:47 of 1st period - Snap shot by Logan Stanley.
17:47 of 1st period - Stopped by Garret Sparks without a rebound.
17:48 of 1st period - Nick Shore wins face-off versus Emil Pettersson in Condors zone.
18:13 of 1st period - Pontus Holmberg is hit by Alex Henriksson and loses puck.
18:24 of 1st period - Wrist shot by Alex Henriksson.
18:24 of 1st period - Stopped by Garret Sparks with a rebound.
18:42 of 1st period - Slapshot by Nick Shore.
18:42 of 1st period - Deflect By Adam Erne.
18:42 of 1st period - Shot Blocked by Kyle Platzer.
18:42 of 1st period - Puck is out of play.
18:43 of 1st period - Kyle Platzer wins face-off versus Nick Shore in Barracuda zone.
18:54 of 1st period - Snap shot by Patrik Laine.
18:54 of 1st period - Stopped by Joni Ortio with a rebound.
18:56 of 1st period - Slapshot by Philippe Myers.
18:56 of 1st period - Deflect By Nick Shore.
18:56 of 1st period - Stopped by Joni Ortio with a rebound.
19:10 of 1st period - Wrist shot by Noah Gregor.
19:10 of 1st period - Shot Misses the Net.
Goals for this period are 0 for Condors vs 2 for Barracuda.
Shots for this period are 8 for Condors vs 11 for Barracuda.
2nd period
0:01 of 2nd period - Emil Pettersson wins face-off versus Phil McRae in neutral zone.
0:09 of 2nd period - Icing by Zac Leslie.
0:10 of 2nd period - Emil Pettersson wins face-off versus Phil McRae in Condors zone.
0:11 of 2nd period - Slapshot by Eric Gustafsson.
0:11 of 2nd period - Stopped by Garret Sparks with a rebound.
0:31 of 2nd period - Emil Pettersson is hit by Jason Robertson and loses puck.
0:54 of 2nd period - Phil McRae is hit by Emil Pettersson and loses puck.
1:53 of 2nd period - Slapshot by Emil Pettersson.
1:53 of 2nd period - Shot Misses the Net.
1:55 of 2nd period - Slapshot by Samuel Groulx.
1:55 of 2nd period - Shot Blocked by Philippe Myers.
1:57 of 2nd period - Slapshot by Samuel Groulx.
1:57 of 2nd period - Stopped by Garret Sparks with a rebound.
1:59 of 2nd period - Wrist shot by Emil Pettersson.
1:59 of 2nd period - Stopped by Garret Sparks with a rebound.
2:01 of 2nd period - Wrist shot by Kurtis Macdermid.
2:01 of 2nd period - Stopped by Garret Sparks with a rebound.
2:29 of 2nd period - Off-side.
2:30 of 2nd period - Nick Shore wins face-off versus Theodor Blueger in neutral zone.
2:38 of 2nd period - Off-side.
2:39 of 2nd period - Nick Shore wins face-off versus Thomas Gobeil in neutral zone.
2:44 of 2nd period - Cole Ully is hit by Gustav Olofsson and loses puck.
2:46 of 2nd period - Minor Penalty to Adam Erne for Holding.
2:47 of 2nd period - Theodor Blueger wins face-off versus Nick Shore in Condors zone.
2:54 of 2nd period - Snap shot by Theodor Blueger.
2:54 of 2nd period - Shot Blocked by Alexandre Carrier.
3:52 of 2nd period - Wrist shot by Cole Ully.
3:52 of 2nd period - Shot Misses the Net.
4:06 of 2nd period - Wrist shot by Cole Ully.
4:06 of 2nd period - Stopped by Garret Sparks without a rebound.
4:07 of 2nd period - Emil Pettersson wins face-off versus C.J. Smith in Condors zone.
4:22 of 2nd period - Snap shot by Eric Gustafsson.
4:22 of 2nd period - Deflect By Jaedon Descheneau.
4:22 of 2nd period - Stopped by Garret Sparks with a rebound.
4:24 of 2nd period - Slapshot by Samuel Groulx.
4:24 of 2nd period - Stopped by Garret Sparks with a rebound.
4:26 of 2nd period - Slapshot by Samuel Groulx.
4:26 of 2nd period - Stopped by Garret Sparks without a rebound.
4:27 of 2nd period - Nick Shore wins face-off versus Emil Pettersson in Condors zone.
4:36 of 2nd period - Philippe Myers is hit by Mario Lucia and loses puck.
4:46 of 2nd period - Penalty to Adam Erne is over, Adam Erne is back on ice.
4:56 of 2nd period - Off-side.
4:57 of 2nd period - Noah Gregor wins face-off versus Connor Hurley in neutral zone.
5:18 of 2nd period - Noah Gregor is hit by Jordan Subban and loses puck.
5:33 of 2nd period - Snap shot by Noah Gregor.
5:33 of 2nd period - Deflect By Alex Henriksson.
5:33 of 2nd period - Shot Misses the Net.
5:33 of 2nd period - Puck is out of play.
5:34 of 2nd period - Emil Pettersson wins face-off versus Nick Shore in Condors zone.
5:39 of 2nd period - Wrist shot by Emil Pettersson.
5:39 of 2nd period - Shot Blocked by Patrik Laine.
5:41 of 2nd period - Backhand shot by Robin Norell.
5:41 of 2nd period - Stopped by Garret Sparks with a rebound.
5:43 of 2nd period - Wrist shot by Kurtis Macdermid.
5:43 of 2nd period - Stopped by Garret Sparks with a rebound.
5:45 of 2nd period - Snap shot by Mario Lucia.
5:45 of 2nd period - Stopped by Garret Sparks without a rebound.
5:46 of 2nd period - Emil Pettersson wins face-off versus Nick Shore in Condors zone.
6:20 of 2nd period - Snap shot by Jason Robertson.
6:20 of 2nd period - Shot Blocked by Theodor Blueger.
6:58 of 2nd period - Wrist shot by Cole Ully.
6:58 of 2nd period - Shot Blocked by Alexandre Carrier.
7:10 of 2nd period - Snap shot by Cole Ully.
7:10 of 2nd period - Shot Blocked by Kiefer Sherwood.
7:12 of 2nd period - Slapshot by Samuel Groulx.
7:12 of 2nd period - Shot Blocked by Alexandre Carrier.
7:26 of 2nd period - Wrist shot by Cole Ully.
7:26 of 2nd period - Goal by Cole Ully - Condors : 0 - Barracuda : 3.
7:27 of 2nd period - Emil Pettersson wins face-off versus Nick Shore in neutral zone.
7:30 of 2nd period - Snap shot by Emil Pettersson.
7:30 of 2nd period - Shot Misses the Net.
7:32 of 2nd period - Minor Penalty to Zac Leslie for Tripping.
7:33 of 2nd period - Nick Shore wins face-off versus Emil Pettersson in Condors zone.
7:33 of 2nd period - Nick Shore is hit by Mario Lucia.
7:49 of 2nd period - Nick Shore is hit by Kurtis Macdermid and loses puck.
9:04 of 2nd period - Robin Norell is hit by C.J. Smith and loses puck.
9:17 of 2nd period - Adam Erne is hit by Logan Stanley and loses puck.
9:32 of 2nd period - Penalty to Zac Leslie is over, Zac Leslie is back on ice.
10:42 of 2nd period - Wrist shot by Taro Hirose.
10:42 of 2nd period - Shot Misses the Net.
10:56 of 2nd period - Gustav Olofsson is hit by Noah Gregor.
11:35 of 2nd period - Slapshot by Alexandre Carrier.
11:35 of 2nd period - Stopped by Joni Ortio with a rebound.
12:16 of 2nd period - Snap shot by Taro Hirose.
12:16 of 2nd period - Stopped by Joni Ortio with a rebound.
12:18 of 2nd period - Wrist shot by Connor Hurley.
12:18 of 2nd period - Goal by Connor Hurley - Condors : 1 - Barracuda : 3.
12:19 of 2nd period - Nick Shore wins face-off versus Emil Pettersson in neutral zone.
12:45 of 2nd period - Jason Robertson is hit by Robin Norell and loses puck.
12:55 of 2nd period - Minor Penalty to Theodor Blueger for Holding.
12:56 of 2nd period - Nick Shore wins face-off versus Kurtis Macdermid in Barracuda zone.
13:28 of 2nd period - Snap shot by Alexandre Carrier.
13:28 of 2nd period - Stopped by Joni Ortio without a rebound.
13:29 of 2nd period - Phil McRae wins face-off versus Cole Ully in Barracuda zone.
13:32 of 2nd period - Slapshot by Phil McRae.
13:32 of 2nd period - Shot Misses the Net.
13:34 of 2nd period - Slapshot by Alexandre Carrier.
13:34 of 2nd period - Shot Blocked by Robin Norell.
13:36 of 2nd period - Snap shot by Kailer Yamamoto.
13:36 of 2nd period - Stopped by Joni Ortio without a rebound.
13:37 of 2nd period - Nick Shore wins face-off versus Emil Pettersson in Barracuda zone.
13:42 of 2nd period - Wrist shot by Nick Shore.
13:42 of 2nd period - Deflect By Patrik Laine.
13:42 of 2nd period - Shot Misses the Net.
13:42 of 2nd period - Puck is out of play.
13:43 of 2nd period - Nick Shore wins face-off versus Kurtis Macdermid in Barracuda zone.
13:44 of 2nd period - Wrist shot by Patrik Laine.
13:44 of 2nd period - Stopped by Joni Ortio with a rebound.
13:46 of 2nd period - Slapshot by Zac Leslie.
13:46 of 2nd period - Shot Blocked by Samuel Groulx.
13:52 of 2nd period - Wrist shot by Patrik Laine.
13:52 of 2nd period - Shot Blocked by Samuel Groulx.
13:54 of 2nd period - Slapshot by Patrik Laine.
13:54 of 2nd period - Deflect By Jason Robertson.
13:54 of 2nd period - Stopped by Joni Ortio without a rebound.
13:55 of 2nd period - Nick Shore wins face-off versus Kurtis Macdermid in Barracuda zone.
14:00 of 2nd period - Wrist shot by Jason Robertson.
14:00 of 2nd period - Stopped by Joni Ortio without a rebound.
14:01 of 2nd period - Kurtis Macdermid wins face-off versus Nick Shore in Barracuda zone.
14:40 of 2nd period - Snap shot by Nick Shore.
14:40 of 2nd period - Shot Blocked by Samuel Groulx.
14:42 of 2nd period - Snap shot by Jason Robertson.
14:42 of 2nd period - Stopped by Joni Ortio without a rebound.
14:43 of 2nd period - Kailer Yamamoto wins face-off versus Kurtis Macdermid in Barracuda zone.
14:55 of 2nd period - Penalty to Theodor Blueger is over, Theodor Blueger is back on ice.
16:31 of 2nd period - Slapshot by Kailer Yamamoto.
16:31 of 2nd period - Stopped by Joni Ortio without a rebound.
16:32 of 2nd period - Theodor Blueger wins face-off versus Nick Shore in Barracuda zone.
16:39 of 2nd period - Adam Erne is hit by Theodor Blueger.
17:22 of 2nd period - Emil Pettersson is hit by Phil McRae and loses puck.
17:45 of 2nd period - Wrist shot by Alex Henriksson.
17:45 of 2nd period - Stopped by Garret Sparks with a rebound.
18:16 of 2nd period - Slapshot by Alexandre Carrier.
18:16 of 2nd period - Stopped by Joni Ortio with a rebound.
18:18 of 2nd period - Wrist shot by Taro Hirose.
18:18 of 2nd period - Deflect By Kailer Yamamoto.
18:18 of 2nd period - Goal by Kailer Yamamoto - Condors : 2 - Barracuda : 3.
18:19 of 2nd period - Theodor Blueger wins face-off versus Nick Shore in neutral zone.
18:22 of 2nd period - Snap shot by Theodor Blueger.
18:22 of 2nd period - Stopped by Garret Sparks with a rebound.
19:01 of 2nd period - Icing by Phil McRae.
19:02 of 2nd period - Noah Gregor wins face-off versus Phil McRae in Condors zone.
19:15 of 2nd period - Wrist shot by Jason Robertson.
19:15 of 2nd period - Shot Blocked by Cole Ully.
19:17 of 2nd period - Backhand shot by Jason Robertson.
19:17 of 2nd period - Stopped by Joni Ortio with a rebound.
19:21 of 2nd period - Wrist shot by Phil McRae.
19:21 of 2nd period - Stopped by Joni Ortio without a rebound.
19:22 of 2nd period - Patrik Laine wins face-off versus Emil Pettersson in Barracuda zone.
19:23 of 2nd period - Snap shot by Adam Erne.
19:23 of 2nd period - Shot Blocked by Robin Norell.
19:54 of 2nd period - Wrist shot by Taro Hirose.
19:54 of 2nd period - Shot Misses the Net.
19:56 of 2nd period - Slapshot by Alexandre Carrier.
19:56 of 2nd period - Shot Blocked by Samuel Groulx.
19:58 of 2nd period - Slapshot by Alexandre Carrier.
19:58 of 2nd period - Stopped by Joni Ortio without a rebound.
19:59 of 2nd period - Emil Pettersson wins face-off versus Phil McRae in Barracuda zone.
Goals for this period are 2 for Condors vs 1 for Barracuda.
Shots for this period are 15 for Condors vs 14 for Barracuda.
3rd period
0:01 of 3rd period - Adam Erne wins face-off versus Emil Pettersson in neutral zone.
0:10 of 3rd period - Snap shot by Patrik Laine.
0:10 of 3rd period - Stopped by Joni Ortio without a rebound.
0:11 of 3rd period - Nick Shore wins face-off versus Emil Pettersson in Barracuda zone.
0:14 of 3rd period - Snap shot by Nick Shore.
0:14 of 3rd period - Stopped by Joni Ortio without a rebound.
0:15 of 3rd period - Emil Pettersson wins face-off versus Nick Shore in Barracuda zone.
0:15 of 3rd period - Emil Pettersson is hit by Zac Leslie.
0:48 of 3rd period - Minor Penalty to Zac Leslie for Holding.
0:49 of 3rd period - Emil Pettersson wins face-off versus Nick Shore in Condors zone.
1:05 of 3rd period - Snap shot by Emil Pettersson.
1:05 of 3rd period - Deflect By Emil Djuse.
1:05 of 3rd period - Stopped by Garret Sparks without a rebound.
1:06 of 3rd period - Theodor Blueger wins face-off versus Nick Shore in Condors zone.
1:15 of 3rd period - Phil McRae is hit by Theodor Blueger and loses puck.
1:32 of 3rd period - Alexandre Carrier is hit by Eric Gustafsson and loses puck.
2:04 of 3rd period - Thomas Gobeil is hit by Jason Robertson and loses puck.
2:48 of 3rd period - Penalty to Zac Leslie is over, Zac Leslie is back on ice.
2:51 of 3rd period - Zac Leslie is hit by Thomas Gobeil and loses puck.
3:12 of 3rd period - Snap shot by Noah Gregor.
3:12 of 3rd period - Goal by Noah Gregor - Condors : 2 - Barracuda : 4.
3:13 of 3rd period - Emil Pettersson wins face-off versus Phil McRae in neutral zone.
3:16 of 3rd period - Wrist shot by Kurtis Macdermid.
3:16 of 3rd period - Stopped by Garret Sparks without a rebound.
3:17 of 3rd period - Kiefer Sherwood wins face-off versus Emil Pettersson in Condors zone.
3:17 of 3rd period - Kiefer Sherwood is hit by Kurtis Macdermid.
3:18 of 3rd period - Kiefer Sherwood from Condors is injured at 3:18 of 3rd period (Strained Left Knee).
3:19 of 3rd period - Emil Pettersson wins face-off versus Nick Shore in Condors zone.
3:19 of 3rd period - Eric Gustafsson is hit by Zac Leslie and loses puck.
3:23 of 3rd period - Icing by Zac Leslie.
3:24 of 3rd period - Emil Pettersson wins face-off versus Nick Shore in Condors zone.
3:27 of 3rd period - Slapshot by Kurtis Macdermid.
3:27 of 3rd period - Shot Blocked by Philippe Myers.
3:55 of 3rd period - Backhand shot by Cole Ully.
3:55 of 3rd period - Shot Misses the Net.
3:57 of 3rd period - Wrist shot by Cole Ully.
3:57 of 3rd period - Deflect By Theodor Blueger.
3:57 of 3rd period - Goal by Theodor Blueger - Condors : 2 - Barracuda : 5.
3:58 of 3rd period - Emil Pettersson wins face-off versus Nick Shore in neutral zone.
4:10 of 3rd period - Icing by Zac Leslie.
4:11 of 3rd period - Emil Pettersson wins face-off versus Nick Shore in Condors zone.
4:12 of 3rd period - Slapshot by Eric Gustafsson.
4:12 of 3rd period - Shot Blocked by Zac Leslie.
4:20 of 3rd period - Slapshot by Nick Shore.
4:20 of 3rd period - Goal by Nick Shore - Condors : 3 - Barracuda : 5.
4:21 of 3rd period - Nick Shore wins face-off versus Emil Pettersson in neutral zone.
4:21 of 3rd period - Nick Shore is hit by Emil Pettersson.
4:35 of 3rd period - Slapshot by Logan Stanley.
4:35 of 3rd period - Deflect By Kurtis Macdermid.
4:35 of 3rd period - Stopped by Garret Sparks without a rebound.
4:36 of 3rd period - Theodor Blueger wins face-off versus Nick Shore in Condors zone.
4:47 of 3rd period - Snap shot by Cole Ully.
4:47 of 3rd period - Shot Blocked by Zac Leslie.
4:49 of 3rd period - Slapshot by Samuel Groulx.
4:49 of 3rd period - Stopped by Garret Sparks with a rebound.
4:51 of 3rd period - Slapshot by Eric Gustafsson.
4:51 of 3rd period - Shot Misses the Net.
5:23 of 3rd period - Slapshot by Eric Gustafsson.
5:23 of 3rd period - Shot Blocked by Pontus Holmberg.
6:03 of 3rd period - Slapshot by Alexandre Carrier.
6:03 of 3rd period - Stopped by Joni Ortio without a rebound.
6:04 of 3rd period - Mario Lucia wins face-off versus Connor Hurley in Barracuda zone.
7:09 of 3rd period - Kurtis Macdermid is hit by C.J. Smith and loses puck.
7:41 of 3rd period - Minor Penalty to Thomas Gobeil for Hooking.
7:42 of 3rd period - Nick Shore wins face-off versus Kurtis Macdermid in Barracuda zone.
8:11 of 3rd period - Wrist shot by Kailer Yamamoto.
8:11 of 3rd period - Deflect By Phil McRae.
8:11 of 3rd period - Stopped by Joni Ortio with a rebound.
8:13 of 3rd period - Snap shot by Zac Leslie.
8:13 of 3rd period - Goal by Zac Leslie - Condors : 4 - Barracuda : 5.
8:14 of 3rd period - Nick Shore wins face-off versus Emil Pettersson in neutral zone.
8:39 of 3rd period - Snap shot by Theodor Blueger.
8:39 of 3rd period - Shot Misses the Net.
8:41 of 3rd period - Snap shot by Theodor Blueger.
8:41 of 3rd period - Shot Misses the Net.
8:43 of 3rd period - Wrist shot by Cole Ully.
8:43 of 3rd period - Shot Misses the Net.
8:45 of 3rd period - Snap shot by Robin Norell.
8:45 of 3rd period - Stopped by Garret Sparks with a rebound.
8:47 of 3rd period - Slapshot by Theodor Blueger.
8:47 of 3rd period - Stopped by Garret Sparks with a rebound.
8:49 of 3rd period - Wrist shot by Thomas Gobeil.
8:49 of 3rd period - Stopped by Garret Sparks with a rebound.
9:52 of 3rd period - Mario Lucia is hit by Phil McRae and loses puck.
10:15 of 3rd period - Off-side.
10:16 of 3rd period - Connor Hurley wins face-off versus Noah Gregor in neutral zone.
11:02 of 3rd period - Jordan Gross is hit by Pontus Holmberg and loses puck.
11:11 of 3rd period - C.J. Smith is hit by Nikolai Kovalenko.
11:39 of 3rd period - Wrist shot by Patrik Laine.
11:39 of 3rd period - Stopped by Joni Ortio with a rebound.
11:41 of 3rd period - Snap shot by Emil Djuse.
11:41 of 3rd period - Shot Misses the Net.
11:45 of 3rd period - Snap shot by Adam Erne.
11:45 of 3rd period - Shot Misses the Net.
12:01 of 3rd period - Snap shot by Mario Lucia.
12:01 of 3rd period - Shot Misses the Net.
12:07 of 3rd period - Wrist shot by Emil Pettersson.
12:07 of 3rd period - Shot Misses the Net.
12:54 of 3rd period - Eric Gustafsson is hit by Kailer Yamamoto and loses puck.
13:37 of 3rd period - Wrist shot by Zac Leslie.
13:37 of 3rd period - Deflect By Pontus Holmberg.
13:37 of 3rd period - Stopped by Joni Ortio with a rebound.
13:39 of 3rd period - Wrist shot by Ryan McLeod.
13:39 of 3rd period - Shot Hit the Post.
14:26 of 3rd period - Jaedon Descheneau is hit by Nick Shore and loses puck.
15:37 of 3rd period - Slapshot by Alex Henriksson.
15:37 of 3rd period - Stopped by Garret Sparks with a rebound.
15:39 of 3rd period - Wrist shot by Noah Gregor.
15:39 of 3rd period - Shot Misses the Net.
15:41 of 3rd period - Wrist shot by Alex Henriksson.
15:41 of 3rd period - Shot Misses the Net.
15:43 of 3rd period - Snap shot by Jaedon Descheneau.
15:43 of 3rd period - Goal by Jaedon Descheneau - Condors : 4 - Barracuda : 6.
15:44 of 3rd period - Connor Hurley wins face-off versus Noah Gregor in neutral zone.
16:11 of 3rd period - Samuel Groulx is hit by Adam Erne and loses puck.
16:16 of 3rd period - Wrist shot by Adam Erne.
16:16 of 3rd period - Shot Blocked by Eric Gustafsson.
16:18 of 3rd period - Slapshot by Alexandre Carrier.
16:18 of 3rd period - Shot Misses the Net.
16:20 of 3rd period - Wrist shot by Adam Erne.
16:20 of 3rd period - Shot Blocked by Eric Gustafsson.
16:48 of 3rd period - Pontus Holmberg is hit by Kurtis Macdermid and loses puck.
17:14 of 3rd period - Slapshot by Gustav Olofsson.
17:14 of 3rd period - Stopped by Joni Ortio without a rebound.
17:15 of 3rd period - Nick Shore wins face-off versus Noah Gregor in Barracuda zone.
17:54 of 3rd period - Connor Hurley is hit by Emil Pettersson and loses puck.
18:17 of 3rd period - Wrist shot by Jason Robertson.
18:17 of 3rd period - Shot Misses the Net.
18:31 of 3rd period - Wrist shot by Patrik Laine.
18:31 of 3rd period - Deflect By Adam Erne.
18:31 of 3rd period - Shot Blocked by Theodor Blueger.
18:31 of 3rd period - Puck is out of play.
18:32 of 3rd period - Nick Shore wins face-off versus Noah Gregor in Barracuda zone.
18:35 of 3rd period - Wrist shot by Patrik Laine.
18:35 of 3rd period - Shot Misses the Net.
Goals for this period are 2 for Condors vs 3 for Barracuda.
Shots for this period are 9 for Condors vs 11 for Barracuda.